 Dungeon Crawl Stone Soup version 0.28-a0-723-g095bd1b44f (webtiles) character file.

Game seed: 12272422047666071527

452 AarnesTheHuman the Skirmisher (level 7, -1/58 HPs)
             Began as a Barachi Fighter on Oct 26, 2021.
             Slain by an orc wizard (20 damage)
             ... on level 3 of the Dungeon.
             The game lasted 00:04:24 (3378 turns).

AarnesTheHuman the Skirmisher (Barachi Fighter)     Turns: 3378, Time: 00:04:24

Health: -1/58      AC:  9    Str: 19    XL:     7   Next: 4%
Magic:  7/7        EV:  9    Int:  9    God:
Gold:   101        SH:  4    Dex: 11    Spells: 6/6 levels left

rFire   . . .      SeeInvis .   a - +0 long sword
rCold   . . .      Faith    .   c - +0 buckler
rNeg    . . .      Spirit   .   b - +0 scale mail
rPois   .          Reflect  .   (no helmet)
rElec   .          Harm     .   (no cloak)
rCorr   .          Rampage  .   (no gloves)
Will    .....                   p - +1 pair of boots
Stlth   ..........              (no amulet)
HPRegen 0.19/turn               g - +4 ring of slaying
MPRegen 0.10/turn               (no ring)

@: slow
A: amphibious, slowness 1, strong legs 1, +LOS
a: Hop


You were on level 3 of the Dungeon.
You visited 1 branch of the dungeon, and saw 4 of its levels.

You collected 101 gold pieces.

Inventory:

Hand Weapons
 a - a +0 long sword (weapon)
 f - a +2 dagger of speed
 r - a +0 hunting sling
Missiles
 o - 3 atropa-tipped darts
 q - 12 poisoned darts
 s - 33 stones
Armour
 b - a +0 scale mail (worn)
 c - a +0 buckler (worn)
 p - a +1 pair of boots (worn)
Jewellery
 g - a +4 ring of slaying (left hand)
 k - an amulet of faith
Scrolls
 e - 2 scrolls of vulnerability {unknown}
 h - a scroll of amnesia {unknown}
 j - 2 scrolls of magic mapping {unknown}
 l - a scroll of enchant armour {unknown}
 m - a scroll of teleportation {unknown}
Potions
 d - 2 potions of might
 i - a potion of attraction {unknown}
 n - a potion of curing {unknown}


   Skills:
 + Level 6.0 Fighting
 + Level 5.1 Long Blades
 + Level 5.9 Armour
 - Level 4.0 Shields


You had 6 spell levels left.
You didn't know any spells.
Your spell library contained the following spells:

 Spells                   Type           Power      Damage    Failure   Level
 Gell's Gravitas          Tloc           0%         N/A       97%         3
 Lesser Beckoning         Tloc           0%         N/A       97%         3
 Teleport Other           Tloc           0%         N/A       97%         3


Dungeon Overview and Level Annotations

Branches:
Dungeon (4/15)
 Temple: D:4-7

Altars:

Shops:
D:1 *   D:2 !


Innate Abilities, Weirdness & Mutations

You are amphibious.
You cover ground slowly.
You can hop short distances.
You have an extended range of vision and can be seen from far away.


Message History

The orc hits you with a +0 hand axe.
There is a stone staircase leading up here.
The orc wizard hits you with a +0 dagger of electrocution.
The orc hits you but does no damage. The orc closely misses you.
You climb upwards.
There is a stone staircase leading down here.
You hit the orc wizard.
The orc wizard is moderately wounded.
The orc wizard hits you but does no damage.
The orc closely misses you. You block the orc's attack.
The orc wizard misses you.
You hit the orc wizard.
The orc wizard is heavily wounded.
The orc hits you with a +0 whip. You block the orc's attack.
The orc wizard mumbles some strange words.
The orc wizard flickers and vanishes!
Deactivating autopickup; reactivate with Ctrl-A.
You slash the orc!
The orc is almost dead.
The orc closely misses you. The orc hits you with a +0 hand axe.
Something hits you but does no damage.
You are electrocuted!!
The orc hits you but does no damage.
You slash the orc!
You kill the orc!
You block the orc's attack.
You hear some strange, mumbled words.
A magic dart appears from out of thin air!
The magic dart hits you.
You are too injured to fight recklessly!
You closely miss the orc. The orc hits you with a +0 hand axe.
Something hits you but does no damage. You block the orc's attack.
You slash the orc!
You kill the orc!
Something hits you but does no damage.
You are electrocuted!
Something hits you but does no damage.
You hit something. Something hits you but does no damage.
You closely miss something. Something hits you but does no damage.
You closely miss something. Something hits you but does no damage.
You are electrocuted!!
You die...

#.##.....########.##<..........#
#.................##...........#
####.....#######..##############
#.##...........#........# #####
#.##....####.#.#...####.#####....
#))..........#.#...# #.......รท..
#)##...#######.#...# #.....#.##.
#.##...........#)..# #...#.#.##.
#.##..##########@).# #...#.#.##.
####....(........{.####.......##.
.........####..##.....#...#.####.
#####..............##.#..........
#..#.####.......#.#..#.......
#..#.#......##..#.#..........
#..#.#..........#.#..........
#..#.#########.##............
#..............##...#########


There were no monsters in sight!

Vanquished Creatures
  Sigmund (D:2)
  A bullfrog (D:3)
  A howler monkey (D:4)
  An orc priest (D:3)
  Jessica (D:2)
  3 gnolls (D:3)
  3 adders (D:2)
  A dart slug (D:3)
  3 orcs
  6 ball pythons
  5 endoplasms
  4 giant cockroaches
  8 goblins
  12 hobgoblins
  13 kobolds
  2 quokkas
  A bat (D:1)
  6 frilled lizards
  10 rats
82 creatures vanquished.

Notes
Turn   | Place    | Note
-------+----------+-------------------------------------------
     0 | D:1      | AarnesTheHuman the Barachi Fighter began the quest for the
                  | Orb.
     0 | D:1      | Reached XP level 1. HP: 18/18 MP: 1/1
     5 | D:1      | Found a faded altar of an unknown god.
   221 | D:1      | Found Ejot's General Store.
   276 | D:1      | Reached XP level 2. HP: 19/25 MP: 2/2
   877 | D:1      | Reached skill level 4 in Fighting
   878 | D:1      | Reached XP level 3. HP: 30/30 MP: 3/3
  1375 | D:2      | Noticed Sigmund
  1381 | D:2      | Killed Sigmund
  1382 | D:2      | Reached skill level 5 in Fighting
  1382 | D:2      | Reached skill level 5 in Armour
  1382 | D:2      | Reached XP level 4. HP: 38/39 MP: 4/4
  1382 | D:2      | Reached XP level 5. HP: 43/44 MP: 5/5
  1601 | D:2      | Found Ycla's Distillery.
  1850 | D:2      | Noticed Jessica
  1862 | D:2      | Killed Jessica
  1863 | D:2      | Reached XP level 6. HP: 28/51 MP: 6/6
  3252 | D:4      | Reached skill level 5 in Long Blades
  3254 | D:4      | Identified the ring of Juithr Ronn {rF++ rCorr Str+6}
  3366 | D:3      | Reached skill level 6 in Fighting
  3366 | D:3      | Reached XP level 7. HP: 56/58 MP: 7/7
  3378 | D:3      | Slain by an orc wizard

Illustrated notes

Levels and vault maps discovered:
D:1:      dpeg_arrival_rooms_a, layout_loops_ring, basic_ecumenical_altar,
          serial_shops, shop, chequers_decorated_corner
D:2:      layout_basic, serial_shops, shop, uniq_jessica, uniq_sigmund
D:3:      layout_basic, minmay_goblin_outpost
D:4:      layout_loops_ring, uniq_blork_the_orc

Skill      XL: |  1  2  3  4  5  6 |
---------------+-------------------+-----
Long Blades    | 3 4 5 |  5.1
Fighting       | 4 5 6 |  6.0
Armour         | 4 5 |  5.9
Shields        | 4 |  4.0

Action                   |  1- 3 |  4- 6 |  7- 9 || total
-------------------------+-------+-------+-------++-------
Melee: Long sword        |    93 |   118 |     9 ||   220
Armor: Scale mail        |    39 |    48 |    11 ||    98
Dodge: Dodged            |    42 |    48 |     4 ||    94
Block: Buckler           |    20 |    29 |     4 ||    53

Table legend: (Time is in decaauts)
 A = Elapsed time spent in this place.
 B = Non-inter-level travel time spent in this place.
 C = Inter-level travel time spent in this place.
 D = Time resting spent in this place.
 E = Time spent auto-exploring this place.
 F = Levels seen in this place.
 G = Mean time per level.
                   A        B        C        D        E       F      G
               +--------+--------+--------+--------+--------+-----+--------+
         Total |   3825 |   3690 |    135 |    355 |   2749 |   4 |  956.2 |
       Dungeon |   3825 |   3690 |    135 |    355 |   2749 |   4 |  956.2 |
               +--------+--------+--------+--------+--------+-----+--------+

Top non-repeatable levels by time:
     D:1: 1497 daAuts
     D:3: 1168 daAuts
     D:2: 1131 daAuts
     D:4: 28 daAuts
